Unix NetHack Version 5.0.0-0 post-release - last build Jun 10 2026 00:39:30 (3ee93aec679c4c4259841fe613dc97188e26a321,branch:main).

Game began 2026-06-16 04:59:56, ended 2026-06-16 05:26:34.

Brudee, chaotic female human Rogue

                                     ----     ----    ----
                                     |..|     |..-----|..|       ---- -----
                                     |..-------...--.--..------- |.*---.|.|
                    |   --------------.[*................^.....---...|.*..--
               -...........(...............-----.............|..)..........--
               |   -------....--...[--.......| --..........-----....).*.....|
                         |........)..|..--...|  |..|.---..--   --....[......|
                         --..........|---|...-- |..|-- ----    --...........|
                          |..........| --|....------         ---........).)--
                        ---...^......---@--.....----         -<............|
                        |...............f).........|        -.......|.|..---
                      -......--..|.--...|.)........-       -.....|.-------
                      |.....  -------).---.|.---.>..-    -......----
                      --...-       |..-|---|--   ...    ........-
                       ...         |-..--..|      ..............
                     ....          |.......|      ..--.---.---..-
                     -.--          --.------      -----  --  ----
                     --             ---
Brudee the Rogue        St:12 Dx:18 Co:18 In:9 Wi:9 Ch:11  Chaotic S:5402
Dlvl:8  $:84 HP:0(73) Pw:29(29) AC:2  Xp:7/1232 T:2018 

Latest messages:
 You swap places with Sparky.
 In what direction? j
 You throw 2 daggers.
 The 1st dagger hits the Mordor orc.
 The 2nd dagger hits the Mordor orc.
 In what direction? j
 You throw 2 daggers.
 The 1st dagger hits the Mordor orc.
 The 2nd dagger hits the Mordor orc.
 The Mordor orc wields a rusty curved sword!
 In what direction? j
 You throw 3 daggers.
 The 1st dagger hits the Mordor orc!
 You kill the Mordor orc!
 The Mordor orc picks up 8 darts.
 b - 5 +0 daggers (at the ready) (7 in total).
 There are several more objects here.
 b - 2 +0 daggers (at the ready) (9 in total).
 You swap places with Sparky.
 There are several objects here.
 In what direction? u
 You throw 3 daggers.
 The 1st dagger hits the chickatrice.
 The 2nd dagger hits the chickatrice.
 The 3rd dagger hits the chickatrice.
 In what direction? u
 You throw 3 daggers.
 The 1st dagger hits the chickatrice!
 You kill the chickatrice!
 The Mordor orc picks up a crude chain mail.
 b - 6 +0 daggers (at the ready) (9 in total).
 You see here a chickatrice corpse.
 In what direction? n
 The dagger hits the Mordor orc.
 In what direction? n
 You throw 3 daggers.
 The 1st dagger hits the Mordor orc!
 The 2nd dagger hits the Mordor orc.
 The 3rd dagger hits the Mordor orc.
 In what direction? n
 You throw 2 daggers.
 The 1st dagger hits the Mordor orc.
 You kill the Mordor orc!
 Touching a chickatrice corpse is a fatal mistake.
 You turn to stone...
 Do you want your possessions identified? [ynq] (y) y
 Do you want to see your attributes? [ynq] (y) y
 Do you want an account of creatures vanquished? [ynaq] (y) y
 Do you want to see your conduct and achievements? [ynq] (y) y
 Do you want to see the dungeon overview? [ynq] (y) q

Inventory:
 Coins    ('$')
  $ - 84 gold pieces
 Weapons  (')')
  b - 3 +0 daggers (at the ready)
  U - a cursed -1 dagger
  B - a +0 dwarvish short sword (weapon in right hand)
 Armor    ('[')
  C - an uncursed +0 dwarvish iron helm (being worn)
  g - an uncursed +3 cloak of protection (being worn)
 Comestibles  ('%')
  k - 2 uncursed food rations
 Scrolls  ('?')
  A - an uncursed scroll of earth
  V - an uncursed scroll of enchant weapon
  R - a cursed scroll of remove curse
  S - an uncursed scroll of teleportation
 Spellbooks  ('+')
  L - an uncursed spellbook of confuse monster
 Potions  ('!')
  D - an uncursed potion of acid
  M - a blessed potion of fruit juice
  N - an uncursed potion of healing
  X - an uncursed potion of levitation
  d - an uncursed potion of sickness
 Rings    ('=')
  q - an uncursed ring of invisibility
  y - an uncursed ring of levitation
 Wands    ('/')
  W - a blessed wand of enlightenment (0:11)
  t - a wand of polymorph (0:5)
  v - a wand of sleep (0:1)
 Tools    ('(')
  f - an empty uncursed sack
  e - an uncursed lock pick
  H - an uncursed magic whistle
  J - an uncursed oil lamp
  x - a +0 pick-axe
  s - an uncursed stethoscope
 Gems/Stones  ('*')
  Y - 5 uncursed worthless pieces of green glass
  Z - an uncursed worthless piece of red glass
  a - an uncursed worthless piece of violet glass
  O - 3 uncursed worthless pieces of white glass

Brudee the Rogue's attributes:

Background:
 You were a Rogue, level 7 female human.
 You were chaotic, nominally on a mission for Kos
 who was opposed by Issek (lawful) and Mog (neutral).
 You were right-handed.
 You were in the Gnomish Mines, on level 8.
 You entered the dungeon 2018 turns ago.
 It was nighttime.
 There was a new moon in effect when your adventure ended.
 You had 1232 experience points, 48 more were needed to attain level 8.
 Your score was 5402 before end-of-game adjustments.

Basics:
 You had 0 out of 73 hit points.
 You had all 29 energy points (spell power).
 Your armor class was 2.
 Your wallet contained 84 zorkmids.
 Autopickup was on for '$!=+?/"' plus thrown.

Final Characteristics:
 Your strength was 12 (limit:18/100).
 Your dexterity was 18 (limit:18).
 Your constitution was 18 (limit:18).
 Your intelligence was 9 (limit:18).
 Your wisdom was 9 (limit:18).
 Your charisma was 11 (limit:18).

Final Status:
 You weren't hungry.
 You were unencumbered.
 You were wielding a short sword.
 You were skilled in short sword.

Final Attributes:
 You were piously aligned.
 You were stealthy.
 You were protected.
 You are dead.

Miscellaneous:
 You didn't encounter any bones levels.
 Total elapsed playing time was 26 minutes and 37 seconds.

Major events:
 Turn
    1: Brudee the chaotic female human Rogue entered the dungeon
  190: entered the Gnomish Mines
  214: attained the rank of Cutpurse (level 3)
  509: reached Mine Town
  845: attained the rank of Rogue (level 6)
 2018: petrified by a chickatrice corpse

You didn't know any spells.

Skills:
 Fighting Skills
   bare handed combat [Unskilled]
   two weapon combat  [Unskilled]
   riding             [Unskilled]
 Weapon Skills
   dagger             [Skilled]
   knife              [Unskilled]
   short sword        [Skilled]
   broadsword         [Unskilled]
   long sword         [Unskilled]
   two-handed sword   [Unskilled]
   saber              [Unskilled]
   club               [Unskilled]
   mace               [Unskilled]
   morning star       [Unskilled]
   flail              [Unskilled]
   hammer             [Unskilled]
   polearms           [Unskilled]
   spear              [Unskilled]
   crossbow           [Unskilled]
   dart               [Unskilled]
   shuriken           [Unskilled]
 Spellcasting Skills
   divination spells  [Unskilled]
   escape spells      [Unskilled]
   matter spells      [Unskilled]

Voluntary challenges:
 Character rerolling was not enabled.
 You were an atheist.
 You never genocided any monsters.
 You never polymorphed an object.
 You used no wishes.
Achievements:
 You entered the Gnomish Mines.
 You attained the rank of Cutpurse.
 You entered Minetown.
 You entered a temple.
 You entered a shop.
 You attained the rank of Rogue.

 The Dungeons of Doom: levels 1 to 2
    Level 1:
    Level 2:
       A fountain, a grave.
       Stairs down to The Gnomish Mines.
 The Gnomish Mines: levels 3 to 8
    Level 3:
    Level 4:
    Level 5:
    Level 6:
       Many shops, a temple and an altar, some fountains.
    Level 7:
    Level 8: <- You were here.
       Final resting place for
          you, petrified by a chickatrice corpse.


Vanquished creatures:
  a minotaur
  a giant mimic
  a small mimic
  a chickatrice
  a dwarf leader
  3 Mordor orcs
  a rock piercer
  a shrieker
  8 gnome leaders
  3 gnomish wizards
 10 dwarves
  2 hill orcs
  a giant bat
  a wererat
 an acid blob
  a hobbit
  2 giant rats
 36 gnomes
  2 jackals
  a goblin
  a grid bug
  3 newts
82 creatures vanquished.

No species were genocided or became extinct.

Game over:
                       ----------
                      /          \
                     /    REST    \
                    /      IN      \
                   /     PEACE      \
                  /                  \
                  |      Brudee      |
                  |      84 Au       |
                  |  petrified by a  |
                  |   chickatrice    |
                  |      corpse      |
                  |                  |
                  |       2026       |
                 *|     *  *  *      | *
        _________)/\\_//(\/(/\)/\//\/|_)_______

Goodbye Brudee the Rogue...

You turned to stone in The Gnomish Mines on dungeon level 8 with 5394 points,
and 84 pieces of gold, after 2018 moves.
You were level 7 with a maximum of 73 hit points when you turned to stone.

